 Dungeon Crawl Stone Soup version 0.30-a0-374-g95c0257040 (webtiles) character file.

Game seed: 5169651629830954212

15192 Sabo the Protected (level 11, -1/101 HPs)
             Began as an Armataur Berserker on Nov 26, 2022.
             Was a High Priest of Trog.
             Slain by a hell beast (10 damage)
             ... in a Gauntlet.
             The game lasted 01:24:36 (13580 turns).

Sabo the Protected (Armataur Berserker)            Turns: 13580, Time: 01:24:37

Health: -1/101     AC: 21    Str: 24    XL:     11   Next: 98%
Magic:  11/11      EV:  5    Int:  5    God:    Trog [*****.]
Gold:   896        SH: 10    Dex: 17    Spells: 10/10 levels left

rFire   + . .      SeeInvis .    z - +4 long sword (freeze)
rCold   + + .      Faith    .    E - +1 kite shield {AC+3}
rNeg    . . .      Spirit   .    H - +1 plate armour of Evolution {+Inv rF+ rC++ Int-4}
rPois   +          Reflect  .    v - +1 helmet
rElec   .          Harm     .    D - +0 cloak
rCorr   .          Roll     +    (no gloves)
Will    .....      NoTele   +    (no barding)
Stlth   ..........               j - amulet of regeneration
HPRegen 1.16/turn                t - +6 ring of dexterity
MPRegen 0.12/turn                F - ring of poison resistance

@: mighty
A: large, rugged brown scales 3, deformed body, armoured tail, roll, long
tongue, awkward tongue
a: Renounce Religion, Evoke Invisibility, Berserk, Trog's Hand, Brothers in Arms


You were in a Gauntlet.
You worshipped Trog.
Trog was extremely pleased with you.
You visited 1 branch of the dungeon, and saw 12 of its levels.
You also visited: Bailey and Gauntlet.

You collected 896 gold pieces.

Inventory:

Hand Weapons
 p - a +2 trident of holy wrath
 x - a +1 shortbow of electrocution
 y - a +5 vorpal dire flail
 z - a +4 long sword of freezing (weapon)
 N - a +4 broad axe of flaming
 Q - the +9 falchion of Ydin {vorpal, rElec Will+ rCorr Str+2}
   (You found it on level 11 of the Dungeon)

   It inflicts extra damage upon your enemies.
   Str:       It affects your strength (+2).
   rElec:     It insulates you from electricity.
   rCorr:     It protects you from acid and corrosion.
   Will:      It increases your willpower.
Missiles
 K - 2 throwing nets (quivered)
 L - 33 poisoned darts
Armour
 v - a +1 helmet (worn)
 D - a +0 cloak (worn)
 E - a +1 kite shield of protection (worn)
 H - the +1 plate armour of Evolution (worn) {+Inv rF+ rC++ Int-4}
   (You took it off an orc knight in a bailey)

   Int:       It affects your intelligence (-4).
   rF:        It protects you from fire.
   rC:        It greatly protects you from cold.
   +Inv:      It lets you turn invisible.
Jewellery
 a - a ring of protection from fire
 j - an amulet of regeneration (around neck)
 t - a +6 ring of dexterity (left hand)
 B - the ring of the Pariah {*Corrode +Blink rC+ Int+8 Stlth-}
   (You found it in a Gauntlet)

   [ring of protection from cold]

   Int:       It affects your intelligence (+8).
   rC:        It protects you from cold.
   +Blink:    It lets you blink.
   *Corrode:  It may corrode you when you take damage.
   Stlth:     It makes you less stealthy.
 F - a ring of poison resistance (right hand)
Wands
 k - a wand of iceblast (6)
 u - a wand of polymorph (18)
 C - a wand of paralysis (8)
 M - a wand of flame (14)
Scrolls
 f - 2 scrolls of silence
 h - 4 scrolls of fear
 o - 2 scrolls of blinking
 q - 3 scrolls of teleportation
 r - 3 scrolls of poison
 I - 2 scrolls of fog
 J - a scroll of summoning {unknown}
Potions
 b - a potion of magic {unknown}
 c - a potion of flight {unknown}
 d - 4 potions of cancellation
 e - 2 potions of lignification {unknown}
 g - 11 potions of curing
 i - 2 potions of berserk rage {unknown}
 l - 3 potions of might
 m - 2 potions of mutation {unknown}
 s - 3 potions of brilliance {unknown}
 w - 2 potions of degeneration {unknown}
 A - 2 potions of haste {unknown}
 G - a potion of attraction {unknown}


   Skills:
 + Level 8.7 Fighting
 + Level 1.7 Long Blades
 + Level 4.2(8.4) Axes
 + Level 10.7(11.1) Maces & Flails
 + Level 5.2(6.0) Polearms
 + Level 11.2 Armour
 + Level 2.2 Dodging
 + Level 2.1 Stealth
 + Level 3.5 Shields


You had 10 spell levels left.
You didn't know any spells.
Your spell library was empty.

Dungeon Overview and Level Annotations

Branches:
Dungeon (12/15)            Temple (0/1) D:4            Lair (0/5) D:9
    Orc (0/2) D:9          Bailey (visited)         Gauntlet (1/1)

Altars:
Cheibriados
Okawaru
Qazlal
Ru
Trog
Wu Jian
Xom
Zin
The Shining One

Shops:
D:4 *

Annotations:
D:11 3 runed translucent doors, Groverdextrious's ghost, journeyman FoFi Gauntlet 9 transporters, exclusion: orange crystal statue


Innate Abilities, Weirdness & Mutations

You are completely covered in rugged brown scales. (AC +3, +7% HP)
Armour fits poorly on your strangely shaped body.
You have a long armoured tail.
You roll when moving toward enemies. (Rampage)
Your long tongue fully drains potion bottles. (2x potion effects)
Your tongue gives you trouble enunciating. (1.5x scroll delay)


Message History

You feel much better. The hell beast bites you!
The hell beast tramples you but does no damage.
The hell beast bites you!
The hell beast tramples you but does no damage.
You slash the hell beast! You freeze the hell beast.
The hell beast is severely wounded.
You block the hell beast's attack. The hell beast tramples you.
You hold your ground!
The hell beast bites you!
* * * LOW HITPOINT WARNING * * *
The hell beast tramples you!
* * * LOW HITPOINT WARNING * * *
You hold your ground!
You slurp down every last drop of the 13 potions of curing!
You feel better. The hell beast barely misses you.
The hell beast tramples you but does no damage.
You slurp down every last drop of the 4 potions of might!
You feel very mighty all of a sudden. The hell beast bites you!!
* * * LOW HITPOINT WARNING * * *
The hell beast tramples you but does no damage.
The hell beast bites you!
* * * LOW HITPOINT WARNING * * *
The hell beast tramples you.
* * * LOW HITPOINT WARNING * * *
You hold your ground!
You slurp down every last drop of the 12 potions of curing!
You feel better. The hell beast bites you!
* * * LOW HITPOINT WARNING * * *
The hell beast tramples you but does no damage.
You slash the hell beast! You freeze the hell beast.
The hell beast is almost dead.
The hell beast bites you but does no damage.
You block the hell beast's attack.
The hell beast bites you but does no damage.
The hell beast tramples you.
* * * LOW HITPOINT WARNING * * *
You hold your ground!
The hell beast roars, "I shall feast on thy throat!"
The hell beast bites you!
You die...

#≈.............#§# #≈#..
##..#########....### ###....
#≈..#[.#.##.#.....≈# #≈.....
##..##.##..#####..## ##..###
#≈..###.^#.##..#§.§# #≈..#..
##..#©.#©##.#©.#§.## ##..#.©
#≈..##.##.h##..#..§###§..#..
##..###..#2##..#§.##≈##..#.. ###
#≈..#!$#.##@#..#.....§...#..
...###..#########..#.........#..
###..##..........#..###########..
.....#..#########..##.#...####..
.#...#..#$..YYYY#..#.#..##.#.#..
#.©.#8.#[##.##.#..##..##.##.#..
#...#..##..#..##..#.####.#.##..
#.©.#∩.#©##©##.#©©#©.####.###©©
#...#..##..#..##..#..###.#..#..


You could see a dire elephant, a hell beast, 3 elephants and a hell hound.

Vanquished Creatures
  A catoblepas (D:11)
  2 two-headed ogres
  The ghost of KennySheep the Chucker, a novice OgWr of Okawaru (D:10)
  A necromancer (Gauntlet)
  2 orc knights (Bailey)
  A worldbinder (Gauntlet)
  2 cyclopes
  Maggie (D:6)
  A komodo dragon (D:9)
  A troll (D:11)
  2 hornets
  Grinder (D:6)
  Sigmund (D:3)
  3 shadows
  A wraith (D:11)
  10 yaks
  A wyvern (D:9)
  Grum (D:9)
  Menkaure (D:4)
  Duvessa (D:4)
  11 orc warriors
  3 black bears
  A sky beast (D:7)
  2 ice beasts (D:7)
  3 ogres
  8 wolves
  A boggart (Gauntlet)
  10 centaurs
  A phantom (D:4)
  Blork the orc (D:4)
  6 kobold brigands
  2 gnoll sergeants
  2 bullfrogs
  2 necrophages (D:4)
  2 scorpions
  11 wights
  Dowan (D:4)
  7 killer bees (D:10)
  An electric eel (D:8)
  2 howler monkeys
  3 hounds
  An orc priest (D:9)
  3 jellies
  An iguana (D:4)
  3 gnoll boudas
  Ijyb (D:3)
  Terence (D:2)
  6 orc wizards
  Robin (D:3)
  22 gnolls
  5 adders
  A shadow imp (D:5)
  5 white imps
  An ufetubus (D:4)
  A worm (D:3)
  45 orcs
  4 bats
  2 endoplasms
  A giant cockroach (D:1)
  16 goblins
  8 hobgoblins
  6 jackals
  5 quokkas
  5 ball pythons
  A frilled lizard (D:2)
  25 kobolds
  6 rats
291 creatures vanquished.

Vanquished Creatures (others)
  2 demonic plants (Gauntlet)
  3 plants
5 creatures vanquished.

Grand Total: 296 creatures vanquished

Notes
Turn   | Place    | Note
-------+----------+-------------------------------------------
     0 | D:1      | Sabo the Armataur Berserker began the quest for the Orb.
     0 | D:1      | Reached XP level 1. HP: 19/19 MP: 1/1
   145 | D:1      | Found a faded altar of an unknown god.
   292 | D:1      | Reached XP level 2. HP: 23/26 MP: 2/2
   815 | D:2      | Reached ** piety under Trog
   816 | D:2      | Reached XP level 3. HP: 29/33 MP: 3/3
   963 | D:2      | Noticed Terence
   981 | D:2      | Killed Terence
  1196 | D:2      | Reached skill level 3 in Armour
  1391 | D:3      | Noticed Sigmund
  1396 | D:3      | Killed Sigmund
  1397 | D:3      | Reached XP level 4. HP: 40/40 MP: 4/4
  1397 | D:3      | Reached XP level 5. HP: 48/48 MP: 5/5
  1401 | D:3      | Reached skill level 1 in Polearms
  1525 | D:3      | Noticed Robin
  1533 | D:3      | Killed Robin
  1720 | D:3      | Noticed Ijyb
  1728 | D:3      | Killed Ijyb
  1729 | D:3      | Reached XP level 6. HP: 55/55 MP: 6/6
  1772 | D:3      | Reached skill level 4 in Armour
  2010 | D:3      | Found a bloodstained altar of Trog.
  2162 | D:4      | Found a staircase to the Ecumenical Temple.
  2384 | D:4      | Found a glowing silver altar of Zin.
  2384 | D:4      | Noticed Menkaure
  2392 | D:4      | Killed Menkaure
  2393 | D:4      | Reached XP level 7. HP: 27/63 MP: 7/7
  2504 | D:4      | Noticed Dowan
  2505 | D:4      | Found Vicvix's General Store.
  2511 | D:4      | Killed Dowan
  2515 | D:4      | Noticed Duvessa
  2527 | D:4      | Killed Duvessa
  2528 | D:4      | Reached skill level 5 in Armour
  2594 | D:4      | Noticed Blork the orc
  2603 | D:4      | Killed Blork the orc
  2702 | D:4      | Reached skill level 1 in Shields
  2708 | D:4      | Reached *** piety under Trog
  2914 | D:4      | Found a shimmering altar of Xom.
  3341 | D:5      | Entered Level 5 of the Dungeon
  3354 | D:5      | Reached XP level 8. HP: 71/71 MP: 8/8
  3654 | D:5      | Reached skill level 6 in Armour
  3725 | D:5      | Reached skill level 5 in Fighting
  3766 | D:5      | Reached skill level 5 in Polearms
  4145 | D:6      | Reached skill level 1 in Maces & Flails
  4233 | D:6      | Found an iron altar of Okawaru.
  4431 | D:6      | Noticed Maggie
  4448 | D:6      | Killed Maggie
  4449 | D:6      | Reached XP level 9. HP: 20/79 MP: 9/9
  5026 | D:6      | Noticed Grinder
  5035 | D:6      | Killed Grinder
  5036 | D:6      | Reached skill level 7 in Armour
  5830 | D:7      | Reached skill level 5 in Maces & Flails
  6013 | D:7      | Reached **** piety under Trog
  6063 | D:6      | Reached skill level 1 in Stealth
  6225 | D:7      | Found a snail-covered altar of Cheibriados.
  7619 | D:8      | Reached XP level 10. HP: 79/89 MP: 10/10
  7846 | D:8      | Reached skill level 8 in Armour
  7887 | D:8      | Found a glowing golden altar of the Shining One.
  8083 | D:9      | Found a staircase to the Lair.
  8093 | D:9      | Found a flagged portal.
  8102 | Bailey   | Entered a bailey
  8484 | Bailey   | Noticed an orc knight
  8485 | Bailey   | Noticed an orc knight
  8539 | Bailey   | Killed an orc knight
  8603 | Bailey   | Identified the +1 plate armour of Evolution {+Inv rF+ rC++
                  | Int-4}
  8627 | Bailey   | Killed an orc knight
  9035 | D:9      | Reached skill level 9 in Armour
  9099 | D:9      | Reached ***** piety under Trog
  9283 | D:9      | Found a staircase to the Orcish Mines.
  9375 | D:9      | Reached XP level 11. HP: 83/98 MP: 11/11
  9437 | D:9      | Noticed Grum
  9440 | D:9      | Killed Grum
 10177 | D:10     | Entered Level 10 of the Dungeon
 10204 | D:10     | Found a runed translucent gate.
 10213 | D:10     | Found a runed translucent gate.
 10213 | D:10     | Found a runed translucent gate.
 10227 | D:10     | Noticed a two-headed ogre
 10233 | D:10     | Killed a two-headed ogre
 10368 | D:10     | Found a sacrificial altar of Ru.
 10600 | D:10     | Found an ornate altar of the Wu Jian Council.
 10833 | D:10     | Reached skill level 10 in Maces & Flails
 10833 | D:10     | Found a stormy altar of Qazlal.
 11181 | D:10     | Noticed KennySheep's ghost (novice OgWr)
 11190 | D:10     | Killed KennySheep's ghost
 11477 | D:11     | Received a gift from Trog
 11482 | D:11     | Reached skill level 10 in Armour
 11551 | D:11     | Noticed a two-headed ogre
 11558 | D:11     | Killed a two-headed ogre
 11881 | D:11     | Identified the +9 falchion of Ydin {vorpal, rElec Will+
                  | rCorr Str+2}
 11956 | D:11     | Found a runed translucent gate.
 11956 | D:11     | Found a runed translucent gate.
 11957 | D:11     | Found a runed translucent gate.
 11963 | D:11     | Noticed Groverdextrious's ghost (journeyman FoFi)
 12426 | D:11     | Noticed a catoblepas
 12436 | D:11     | Killed a catoblepas
 12885 | D:12     | Reached skill level 11 in Armour
 12968 | D:12     | Found a gate leading to a gauntlet.
 12977 | Gauntlet | Entered a Gauntlet
 12977 | Gauntlet | Found a transporter.
 12977 | Gauntlet | Found a transporter.
 12984 | Gauntlet | Found a transporter.
 12986 | Gauntlet | Noticed a necromancer
 12989 | Gauntlet | Found a transporter.
 12992 | Gauntlet | Found a transporter.
 12992 | Gauntlet | Found a transporter.
 13037 | Gauntlet | Found a transporter.
 13040 | Gauntlet | Found a transporter.
 13040 | Gauntlet | Found a transporter.
 13042 | Gauntlet | Noticed a dire elephant
 13043 | Gauntlet | Noticed a hell beast
 13107 | Gauntlet | Noticed a death scarab
 13109 | Gauntlet | Found a transporter.
 13160 | Gauntlet | Found a transporter.
 13177 | Gauntlet | Found a transporter.
 13177 | Gauntlet | Noticed an orange crystal statue
 13194 | Gauntlet | Found a transporter.
 13218 | Gauntlet | Found a transporter.
 13297 | Gauntlet | Killed a necromancer
 13298 | Gauntlet | Reached skill level 1 in Long Blades
 13438 | Gauntlet | Identified the ring of the Pariah {*Corrode +Blink rC+
                  | Int+8 Stlth-}
 13468 | Gauntlet | Noticed a necromancer
 13468 | Gauntlet | Noticed a skeletal warrior
 13469 | Gauntlet | Noticed a necromancer
 13471 | Gauntlet | Noticed a necromancer
 13474 | Gauntlet | Noticed a necromancer
 13484 | Gauntlet | Noticed a necromancer
 13489 | Gauntlet | Noticed a skeletal warrior
 13580 | Gauntlet | Slain by a hell beast

Illustrated notes

Levels and vault maps discovered:
D:1:      dpeg_arrival_simpleton_a, layout_basic,
          dreamdust_ecumenical_altar_hidden_monk_grotto,
          minmay_stone_trees_medium
D:2:      layout_basic, uniq_terence
D:3:      layout_basic, trog_book, uniq_ijyb, uniq_robin, uniq_sigmund
D:4:      minmay_diamond_boxcup, layout_basic,
          mainiacjoe_overflow_cross_hatched, marbit_many_paths,
          minmay_temple_entry_crystal_x, serial_shops, shop, uniq_menkaure,
          uniq_duvessa, uniq_blork_the_orc
D:5:      layout_gridville, st_stairs_6, nicolae_elevator_lobby_asterisk
D:6:      layout_gridville, lemuel_tele_altar, uniq_maggie, uniq_grinder
D:7:      layout_cave_pods, cheibriados_altar_1, ebering_dispersal_statue_hall,
          kennysheep_generic_room_4
D:8:      layout_gridville, kennysheep_mini_moat, serial_bayou_pond_b,
          nrook_mini_vaults
D:9:      layout_roguey, david_lair_shrubbed, erik_orc_3, enter_bailey_3,
          uniq_grum
D:10:     layout_gridville, mainiacjoe_overflow_catwalk, old_standard_altar,
          mainiacjoe_overflow_paths, ebering_ghost_rock_garden, eino_jars
D:11:     layout_layer_cave, gammafunk_ghost_spectres, minmay_microvault
D:12:     layout_layer_cave, gauntlet_entry_generic,
          amcnicky_mini_corridor_feature, chequers_serial_rivers_micro_e
Gauntlet: gammafunk_gauntlet_mixed_choke_point
          [minmay_gauntlet_arena_77_squiggly, minmay_gauntlet_arena_77_box,
          minmay_gauntlet_arena_77_mess, gammafunk_gauntlet_arena_mazey,
          minmay_gauntlet_arena_77_hold_the_fort,
          minmay_gauntlet_arena_77_braids,
          minmay_gauntlet_arena_77_tiled_triplets,
          nicolae_gauntlet_exit_dead_adventurers]

Skill      XL: |  1  2  3  4  5  6  7  8  9 10 11 |
---------------+----------------------------------+-----
Axes           | 3 4 |  4.2
Fighting       | 3 4 5 6 7 8 |  8.7
Armour         | 3 4 5 6 7 9 11 | 11.2
Polearms       | 1 2 4 5 |  5.2
Shields        | 1 2 3 |  3.5
Maces & Flails | 3 6 9 10 | 10.7
Dodging        | 2 |  2.2
Stealth        | 1 2 |  2.1
Long Blades    | 1 |  1.7

Action                   |  1- 3 |  4- 6 |  7- 9 | 10-12 || total
-------------------------+-------+-------+-------+-------++-------
Melee: Hand axe          |    56 |       |       |       ||    56
       Tailslap          |     7 |     3 |    43 |    73 ||   126
       Trident           |     6 |    74 |    94 |       ||   174
       Dire flail        |       |       |   202 |   323 ||   525
       Falchion          |       |       |       |   105 ||   105
       Long sword        |       |       |       |    12 ||    12
       Broad axe         |       |       |       |     7 ||     7
Throw: Throwing net      |       |       |       |     1 ||     1
Invok: Berserk           |     2 |     1 |     4 |     8 ||    15
  Use: Scroll            |     3 |       |     6 |     5 ||    14
       Potion            |       |       |     2 |     9 ||    11
Armor: Ring mail         |    12 |       |       |       ||    12
       Animal skin       |     2 |       |       |       ||     2
       Plate armour      |    19 |    39 |   216 |   447 ||   721
       Chain mail        |     8 |       |       |       ||     8
Dodge: Dodged            |    18 |    20 |    87 |   202 ||   327
Block: Buckler           |     3 |    12 |    20 |       ||    35
       Kite shield       |       |       |       |   160 ||   160

Table legend: (Time is in decaauts)
 A = Elapsed time spent in this place.
 B = Non-inter-level travel time spent in this place.
 C = Inter-level travel time spent in this place.
 D = Time resting spent in this place.
 E = Time spent auto-exploring this place.
 F = Levels seen in this place.
 G = Mean time per level.
                   A        B        C        D        E       F      G
               +--------+--------+--------+--------+--------+-----+--------+
         Total |  13791 |  13791 |      0 |   3006 |      0 |  14 |  985.1 |
       Dungeon |  12413 |  12413 |      0 |   2699 |      0 |  12 | 1034.4 |
        Bailey |    744 |    744 |      0 |    192 |      0 |   1 |  744.0 |
      Gauntlet |    632 |    632 |      0 |    115 |      0 |   1 |  632.0 |
               +--------+--------+--------+--------+--------+-----+--------+

Top non-repeatable levels by time:
     D:7: 1689 daAuts
    D:11: 1557 daAuts
     D:9: 1434 daAuts
     D:6: 1274 daAuts
     D:4: 1244 daAuts
    D:10: 1104 daAuts
     D:8: 952 daAuts
     D:5: 798 daAuts
     D:3: 764 daAuts
  Bailey: 744 daAuts
     D:2: 706 daAuts
     D:1: 700 daAuts
Gauntlet: 632 daAuts
    D:12: 187 daAuts
